 Dungeon Crawl Stone Soup version 0.29.1-1-gd02db6906a (webtiles) character file.

Game seed: 11263654099749482813

153 LustLizard the Vexing (level 5, 0/41 HPs)
             Began as a Gnoll Arcane Marksman on Sept 15, 2022.
             Slain by an iguana (8 damage)
             ... on level 4 of the Dungeon.
             The game lasted 00:05:39 (3823 turns).

LustLizard the Vexing (Gnoll Arcane Marksman)       Turns: 3823, Time: 00:05:40

Health: 0/41       AC:  3    Str:  9    XL:     5   Next: 35%
Magic:  0/9        EV: 13    Int: 12    God:
Gold:   218        SH:  0    Dex: 15    Spells: 9/10 levels left

rFire   . . .      SeeInvis .   a - +1 sling
rCold   . . .      Faith    .   (no shield)
rNeg    . . .      Spirit   +   i - +0 leather armour
rPois   .          Reflect  .   (no helmet)
rElec   .          Harm     .   (no cloak)
rCorr   .          Rampage  .   (no gloves)
Will    .....                   (no boots)
Stlth   ++........              w - amulet of guardian spirit
HPRegen 0.13/turn               (no ring)
MPRegen 0.11/turn               (no ring)

@: no status effects
A: fangs 1, strong nose, distributed training
a: no special abilities


You were on level 4 of the Dungeon.
You visited 1 branch of the dungeon, and saw 4 of its levels.

You collected 218 gold pieces.

Inventory:

Hand Weapons
 a - a +1 sling (weapon)
Armour
 c - a +0 robe
 i - a +0 leather armour (worn)
Jewellery
 h - a ring of fire
 w - an amulet of guardian spirit (around neck)
Scrolls
 b - a scroll of poison
 d - a scroll of summoning {unknown}
 e - 5 scrolls of identify {unknown}
 g - a scroll of vulnerability {unknown}
 j - 2 scrolls of fog {unknown}
 k - a scroll of immolation {unknown}
 n - a scroll of enchant weapon {unknown}
 s - a scroll of teleportation {unknown}
 t - a scroll of enchant armour {unknown}
 u - a scroll of torment {unknown}
 v - a scroll of silence {unknown}
Potions
 f - a potion of attraction {unknown}
 l - a potion of haste {unknown}
 m - a potion of might {unknown}
 o - 3 potions of lignification {unknown}
 p - a potion of brilliance {unknown}
 q - 2 potions of heal wounds {unknown}
 r - a potion of ambrosia {unknown}


   Skills:
 + Level 3.0 Fighting
 + Level 1.5 Short Blades
 + Level 1.5 Long Blades
 + Level 1.5 Axes
 + Level 1.5 Maces & Flails
 + Level 1.5 Polearms
 + Level 1.5 Staves
 + Level 4.8 Ranged Weapons
 + Level 1.5 Throwing
 + Level 1.5 Armour
 + Level 4.8 Dodging
 + Level 1.5 Stealth
 + Level 1.5 Shields
 + Level 1.5 Unarmed Combat
 + Level 3.2 Spellcasting
 + Level 1.2 Conjurations
 + Level 5.5 Hexes
 + Level 1.2 Summonings
 + Level 1.2 Necromancy
 + Level 1.2 Translocations
 + Level 1.2 Transmutations
 + Level 1.2 Fire Magic
 + Level 1.2 Ice Magic
 + Level 1.2 Air Magic
 + Level 1.2 Earth Magic
 + Level 1.2 Poison Magic
 + Level 1.7 Invocations
 + Level 1.5 Evocations


You had 9 spell levels left.
You knew the following spells:

 Your Spells              Type           Power      Damage    Failure   Level
a - Slow                  Hex            60%        N/A       3%          1

Your spell library contained the following spells:

 Spells                   Type           Power      Damage    Failure   Level
 Foxfire                  Conj/Fire      16%        2x1d4     21%         1
 Inner Flame              Hex/Fire       10%        N/A       24%         3
 Portal Projectile        Hex/Tloc       20%        N/A       24%         3
 Cause Fear               Hex            7%         N/A       32%         4
 Hailstorm                Conj/Ice       4%         3d4       89%         4
 Spellforged Servitor     Conj/Summ      2%         N/A       100%        7
 Borgnjor's Revivificati  Necr           2%         N/A       100%        8
 Discord                  Hex            7%         N/A       100%        8


Dungeon Overview and Level Annotations

Branches:
Dungeon (4/15)
 Temple: D:4-7

Altars:
Cheibriados
Fedhas
Qazlal
Sif Muna
Uskayaw

Shops:
D:1 [


Innate Abilities, Weirdness & Mutations

You have very sharp teeth.
Your uncanny sense of smell can sniff out nearby items.
Your experience applies equally to all skills.


Message History

You shoot a sling bullet. The sling bullet hits the iguana.
The iguana is moderately wounded.
The iguana closely misses you.
You shoot a sling bullet. The sling bullet hits the iguana.
The iguana is severely wounded.
The iguana barely misses you. The iguana bites you!
Fire: a) +1 sling
Press: ? - help, Q - select action, (/) - cycle Shift-Dir - straight line, f/p - iguana
Aim: an iguana (severely wounded, 64% to hit)
You shoot a sling bullet.
The sling bullet barely misses the iguana.
The iguana barely misses you.
Fire: a) +1 sling
Press: ? - help, Q - select action, (/) - cycle Shift-Dir - straight line, f/p - iguana
Aim: an iguana (severely wounded, 64% to hit)
You shoot a sling bullet.
The sling bullet hits the iguana but does no damage.
The iguana is severely wounded.
The iguana barely misses you.
Fire: a) +1 sling
Press: ? - help, Q - select action, (/) - cycle Shift-Dir - straight line, f/p - iguana
Aim: an iguana (severely wounded, 64% to hit)
You shoot a sling bullet.
The sling bullet barely misses the iguana.
The iguana bites you.
Fire: a) +1 sling
Press: ? - help, Q - select action, (/) - cycle Shift-Dir - straight line, f/p - iguana
Aim: an iguana (severely wounded, 64% to hit)
You shoot a sling bullet. The sling bullet hits the iguana.
The iguana is almost dead.
The iguana bites you!
* * * LOW HITPOINT WARNING * * *
Fire: a) +1 sling
Press: ? - help, Q - select action, (/) - cycle Shift-Dir - straight line, f/p - iguana
Aim: an iguana (almost dead, 64% to hit)
You shoot a sling bullet.
The sling bullet hits the iguana but does no damage.
The iguana is almost dead.
The iguana bites you!
You die...

#.##.######.#.##)#.##....#
#.##.##.####...#.##.#.##..#.#
...............#.##.#.##..#.#
...#....................^....
#...........#.............
#...........#..#..........
#...........#.............
....................#......
..#.##..###@..#....# #......
..........l!..# ... #......
...........................
................#.##..#.#
.........................
#.......#####......#.#......
#..
#.#..#..#####......#.#......
...
..#..................##..)..
....
......................).....


You could see an iguana.

Vanquished Creatures
  A jelly (D:4)
  Jessica (D:3)
  An adder (D:4)
  3 worms
  3 dart slugs
  5 orcs
  9 endoplasms
  7 goblins
  6 hobgoblins
  4 jackals
  3 quokkas
  A ball python (D:1)
  8 bats
  5 frilled lizards
  5 kobolds
  3 rats
65 creatures vanquished.

Vanquished Creatures (others)
  A fungus (D:3)
  3 plants (D:3)
4 creatures vanquished.

Grand Total: 69 creatures vanquished

Notes
Turn   | Place    | Note
-------+----------+-------------------------------------------
     0 | D:1      | LustLizard the Gnoll Arcane Marksman began the quest for
                  | the Orb.
     0 | D:1      | Reached XP level 1. HP: 17/17 MP: 4/4
   280 | D:1      | Reached XP level 2. HP: 20/23 MP: 5/5
   395 | D:1      | You fall into a shaft and drop 1 floor!
  1198 | D:2      | Reached XP level 3. HP: 28/28 MP: 7/7
  1374 | D:3      | Reached skill level 1 in Invocations
  1497 | D:3      | Found a blossoming altar of Fedhas.
  1584 | D:3      | Noticed Jessica
  1588 | D:3      | Killed Jessica
  1589 | D:3      | Reached skill level 1 in Short Blades
  1589 | D:3      | Reached skill level 1 in Long Blades
  1589 | D:3      | Reached skill level 1 in Axes
  1589 | D:3      | Reached skill level 1 in Maces & Flails
  1589 | D:3      | Reached skill level 1 in Polearms
  1589 | D:3      | Reached skill level 1 in Staves
  1589 | D:3      | Reached skill level 1 in Throwing
  1589 | D:3      | Reached skill level 1 in Armour
  1589 | D:3      | Reached skill level 1 in Stealth
  1589 | D:3      | Reached skill level 1 in Shields
  1589 | D:3      | Reached skill level 1 in Unarmed Combat
  1589 | D:3      | Reached skill level 1 in Evocations
  1589 | D:3      | Reached XP level 4. HP: 34/34 MP: 8/8
  1622 | D:3      | Found a hide-covered altar of Uskayaw.
  1622 | D:3      | Found a shimmering blue altar of Sif Muna.
  1936 | D:3      | Found a stormy altar of Qazlal.
  2128 | D:3      | Reached skill level 1 in Conjurations
  2128 | D:3      | Reached skill level 1 in Summonings
  2128 | D:3      | Reached skill level 1 in Necromancy
  2128 | D:3      | Reached skill level 1 in Translocations
  2128 | D:3      | Reached skill level 1 in Transmutations
  2128 | D:3      | Reached skill level 1 in Fire Magic
  2128 | D:3      | Reached skill level 1 in Ice Magic
  2128 | D:3      | Reached skill level 1 in Air Magic
  2128 | D:3      | Reached skill level 1 in Earth Magic
  2128 | D:3      | Reached skill level 1 in Poison Magic
  2347 | D:4      | Found a snail-covered altar of Cheibriados.
  2950 | D:1      | Reached XP level 5. HP: 40/40 MP: 9/9
  3094 | D:1      | Found Luokaaso's Antique Armour Emporium.
  3416 | D:4      | Got Jabifoyg's Anthology of Injurious Despicable Rituals
  3823 | D:4      | Slain by an iguana

Illustrated notes

Levels and vault maps discovered:
D:1:      wander_arrival_chamber, layout_basic, serial_shops,
          nicolae_shop_window_shopping, hangedman_decor_points, grunt_decor_cap,
          chequers_hall_statues_wall_a, minmay_tiny_reverse_x
D:2:      layout_basic, kennysheep_generic_room_7
D:3:      layout_loops_cross, fedhas_altar_3, mainiacjoe_overflow_alcove_4,
          mainiacjoe_overflow_large_starburst, uniq_jessica
D:4:      layout_basic, kennysheep_slug_shrine

Skill      XL: |  1  2  3  4  5 |
---------------+----------------+-----
Invocations    | 1 |  1.7
Short Blades   | 1 |  1.5
Long Blades    | 1 |  1.5
Axes           | 1 |  1.5
Maces & Flails | 1 |  1.5
Polearms       | 1 |  1.5
Staves         | 1 |  1.5
Throwing       | 1 |  1.5
Armour         | 1 |  1.5
Stealth        | 1 |  1.5
Shields        | 1 |  1.5
Unarmed Combat | 1 |  1.5
Spellcasting   | 3 |  3.2
Evocations     | 1 |  1.5
Conjurations   | 1 |  1.2
Summonings     | 1 |  1.2
Necromancy     | 1 |  1.2
Translocations | 1 |  1.2
Transmutations | 1 |  1.2
Fire Magic     | 1 |  1.2
Ice Magic      | 1 |  1.2
Air Magic      | 1 |  1.2
Earth Magic    | 1 |  1.2
Poison Magic   | 1 |  1.2
Fighting       | 3 |  3.0
Ranged Weapons | |  4.8
Dodging        | |  4.8
Hexes          | |  5.5

Action                   |  1- 3 |  4- 6 || total
-------------------------+-------+-------++-------
 Fire: Sling             |    93 |   143 ||   236
 Cast: Slow              |     2 |       ||     2
Armor: Leather armour    |     2 |    14 ||    16
Dodge: Dodged            |    20 |    52 ||    72
